 Dungeon Crawl Stone Soup version 0.25.0-3-gd7cc5688da (webtiles) character file.

Game seed: 14971160333670369783

158 mopl the Chopper (level 5, -1/49 HPs)
             Began as a Naga Gladiator on June 15, 2020.
             Slain by a quokka (4 damage)
             ... on level 3 of the Dungeon.
             The game lasted 00:02:53 (2773 turns).

mopl the Chopper (Naga Gladiator)                   Turns: 2773, Time: 00:02:54

Health: -1/49      AC:  2    Str: 17    XL:     5   Next: 39%
Magic:  5/5        EV:  5    Int:  9    God:
Gold:   152        SH:  0    Dex: 12    Spells: 4/4 levels left

rFire    . . .     SeeInvis +   a - +0 war axe
rCold    + . .     Gourm    .   (no shield)
rNeg     . . .     Faith    .   n - +0 chain mail
rPois    +         Spirit   .   b - +0 helmet
rElec    .         Reflect  .   m - scarf {+Inv}
rCorr    .         Harm     .   (no gloves)
MR       .....                  (no barding)
Stlth    ..........             (no amulet)
HPRegen  0.16/turn              w - ring of protection from cold
MPRegen  0.09/turn              v - -4 ring of protection (curse)

@: very slow
A: large, see invisible, deformed body, poison resistance, slowness 2, slow
metabolism 1, spit poison 1, AC +1
a: Spit Poison, Evoke Invisibility


You were on level 3 of the Dungeon.
You were not hungry.

You visited 1 branch of the dungeon, and saw 3 of its levels.

You collected 152 gold pieces.

Inventory:

Hand Weapons
 a - a +0 war axe (weapon)
 o - a +0 dagger of venom
Missiles
 d - 3 throwing nets (quivered)
 g - 37 poisoned darts
Armour
 b - a +0 helmet (worn)
 c - a +0 helmet
 m - a scarf of invisibility (worn)
 n - a +0 chain mail (worn)
Jewellery
 p - an uncursed ring of wizardry
 v - a cursed -4 ring of protection (right hand)
 w - a ring of protection from cold (left hand)
Scrolls
 e - 2 scrolls of fear {unknown}
 h - a scroll of magic mapping {unknown}
 i - 2 scrolls of teleportation
 k - a scroll of enchant armour {unknown}
 q - a scroll of immolation {unknown}
 t - a scroll of blinking {unknown}
 u - 2 scrolls of amnesia {unknown}
 x - a scroll of enchant weapon {unknown}
Potions
 j - a potion of mutation
 l - a potion of stabbing
 r - a potion of flight
Comestibles
 f - 4 rations
 s - 2 chunks of flesh


   Skills:
 + Level 3.4 Fighting
 * Level 5.1 Axes
 - Level 1.7 Throwing
 - Level 2.4 Dodging


You had 4 spell levels left.
You didn't know any spells.
Your spell library was empty.

Dungeon Overview and Level Annotations

Branches:
Dungeon (3/15)

Altars:


Innate Abilities, Weirdness & Mutations

You cannot wear boots.
Your serpentine skin is tough. (AC +1)
You have supernaturally acute eyesight. (SInv)
Armour fits poorly on your strangely shaped body.
Your system is resistant to poisons. (rPois)
You cover ground very slowly.
You have a slow metabolism.
You can spit poison.


Message History

You kill Natasha!
Natasha yowls pathetically as she dies!
Your Axes skill increases to level 5!
The quokka bites you.
* * * LOW HITPOINT WARNING * * *
You closely miss the quokka.
You have got your breath back.
The quokka bites you.
* * * LOW HITPOINT WARNING * * *
You barely miss the quokka. The quokka barely misses you. The quokka bites you.
* * * LOW HITPOINT WARNING * * *
You hit the quokka.
The quokka is heavily wounded.
The quokka bites you.
* * * LOW HITPOINT WARNING * * *
The quokka bites you but does no damage.
You closely miss the quokka.
The quokka is heavily wounded.
The quokka bites you.
You die...

###############
#......รท......#
#.###########@# #.#
#r## #.# ...#
#<#####.# ##..#
##.......# #..#
###....#.#######..#
.....(###.........#
###..(.#.....##...#
# #...#.#..#......#


You could see a quokka.

Vanquished Creatures
  A scorpion (D:3)
  Natasha (D:3)
  3 adders (D:2)
  2 oozes
  2 worms
  A dart slug (D:3)
  2 leopard geckos (D:1)
  2 giant cockroaches
  7 goblins
  3 hobgoblins
  A ball python (D:2)
  10 bats
  2 frilled lizards (D:1)
  5 kobolds
  8 rats
50 creatures vanquished.

Notes
Turn   | Place    | Note
-------+----------+-------------------------------------------
     0 | D:1      | mopl the Naga Gladiator began the quest for the Orb.
     0 | D:1      | Reached XP level 1. HP: 19/19 MP: 1/1
   323 | D:1      | Reached XP level 2. HP: 22/26 MP: 2/2
   883 | D:1      | Reached XP level 3. HP: 33/33 MP: 3/3
  1165 | D:2      | Reached skill level 4 in Axes
  1448 | D:2      | Reached XP level 4. HP: 40/40 MP: 4/4
  2093 | D:3      | Reached XP level 5. HP: 23/49 MP: 5/5
  2761 | D:3      | Noticed Natasha
  2769 | D:3      | Killed Natasha
  2769 | D:3      | Reached skill level 5 in Axes
  2773 | D:3      | Slain by a quokka

Illustrated notes

Levels and vault maps discovered:
D:1:      lemuel_arrival_cross, layout_basic
D:2:      layout_loops_ring
D:3:      layout_loops_ring, serial_forest, infiniplex_forest_end_double,
          infiniplex_forest_end_1, infiniplex_forest_straight_2,
          infiniplex_forest_lined_room_3, infiniplex_forest_zigzag_1,
          infiniplex_forest_end_1, infiniplex_forest_lined_room_2,
          minmay_between, uniq_natasha

Skill      XL: |  1  2  3  4  5 |
---------------+----------------+-----
Axes           | 4 5 |  5.1
Fighting       | 3 |  3.4
Throwing       | |  1.7
Dodging        | |  2.4

Action                   |  1- 3 |  4- 6 || total
-------------------------+-------+-------++-------
Melee: War axe           |    94 |    90 ||   184
 Abil: Spit Poison       |       |     2 ||     2
  Use: Scroll            |       |     4 ||     4
  Eat: Chunk             |     1 |     4 ||     5
Armor: Leather armour    |    16 |       ||    16
       Ring mail         |     2 |       ||     2
       Chain mail        |    48 |    78 ||   126
Dodge: Dodged            |    56 |    31 ||    87
